 Dungeon Crawl Stone Soup version 0.31-a0-331-geda263fcf1 (webtiles) character file.

Game seed: 2915883912426048418

8232 Newt the Carver (level 11, -1/80 HPs)
             Began as a Barachi Fighter on July 19, 2023.
             Was an Elder of Hepliaklqana.
             Slain by a yak (11 damage)
             ... on level 1 of the Lair of Beasts.
             The game lasted 00:11:51 (9228 turns).

Newt the Carver (Barachi Fighter)                   Turns: 9228, Time: 00:11:52

Health: -1/80      AC: 15    Str: 22    XL:     11   Next: 27%
Magic:  11/11      EV: 13    Int: 17    God:    Hepliaklqana [****..]
Gold:   307        SH: 10    Dex: 22    Spells: 10/10 levels left

rFire   . . .        I - +6 long sword of Defiance {pain, *Noise Fragile Int+9 Dex+10}
rCold   . . .        P - +0 kite shield
rNeg    . . .        J - +3 ring mail {Will+}
rPois   +            (no helmet)
rElec   .            F - +0 cloak
rCorr   .            (no gloves)
SInv    .            (no boots)
Will    +....        R - amulet of regeneration
Stlth   +            N - +4 ring of protection
HPRegen 1.13/turn    y - ring of poison resistance
MPRegen 0.12/turn

%: no passive effects
@: lethally poisoned (-1 -> -2), slow
A: reduced essence, amphibious, slowness 1, strong legs 1, +LOS
a: Hop, Renounce Religion, Recall Ancestor, Ancestor Identity, Transference,
Idealise


You were on level 1 of the Lair of Beasts.
You worshipped Hepliaklqana.
Hepliaklqana was greatly pleased with you.
You visited 2 branches of the dungeon, and saw 10 of its levels.

You collected 583 gold pieces.
You spent 276 gold pieces at shops.

Inventory:

Hand Weapons
 a - a +0 long sword
 t - a +1 short sword of holy wrath
 I - the +6 long sword of Defiance (weapon) {pain, *Noise Fragile Int+9 Dex+10}
   (You bought it in a shop on level 2 of the Dungeon)

   Int:       It affects your intelligence (+9).
   Dex:       It affects your dexterity (+10).
   *Noise:    It may make noises in combat.
   Fragile:   It will be destroyed if unequipped.
Missiles
 n - 5 curare-tipped darts
 o - 37 poisoned darts
 u - 6 boomerangs
 D - a throwing net
Armour
 b - a +0 scale mail
 c - a +1 buckler
 B - a +0 leather armour of cold resistance
 F - a +0 cloak (worn)
 J - a +3 ring mail of willpower (worn)
 L - a +1 scale mail of fire resistance
 P - a +0 kite shield (worn)
Jewellery
 i - an amulet of guardian spirit
 l - a ring of ice
 y - a ring of poison resistance (right hand)
 H - an amulet of the acrobat
 N - a +4 ring of protection (left hand)
 R - an amulet of regeneration (around neck)
Wands
 r - a wand of light (4)
 w - a wand of charming (13)
 E - a wand of flame (8)
 K - a wand of iceblast (5)
Scrolls
 h - 2 scrolls of torment
 j - 3 scrolls of silence
 q - 6 scrolls of teleportation
 x - 4 scrolls of amnesia
 A - a scroll of enchant armour
 C - a scroll of noise
 M - 3 scrolls of vulnerability
 O - a scroll of revelation
 Q - a scroll of immolation
Potions
 d - a potion of might
 e - a potion of cancellation
 f - 5 potions of attraction
 g - a potion of invisibility
 k - 4 potions of brilliance
 m - 2 potions of magic
 p - 2 potions of curing
 s - 5 potions of degeneration
 v - 4 potions of mutation
 z - a potion of heal wounds
 G - 3 potions of enlightenment


   Skills:
 - Level 9.0 Fighting
 - Level 8.4(10.1) Short Blades
 + Level 9.5(11.1) Long Blades
 - Level 9.0 Armour
 - Level 5.0 Dodging
 - Level 3.2 Shields
 - Level 5.0 Necromancy
 - Level 6.0 Evocations


You had 10 spell levels left.
You didn't know any spells.
Your spell library contained the following spells:

 Spells                   Type           Power      Damage    Failure   Level
 Vampiric Draining        Necr           17%        2d7       30%         3
 Slow                     Hex            0%         N/A       63%         1
 Animate Dead             Necr           17%        N/A       71%         4
 Confusing Touch          Hex            0%         N/A       94%         3
 Inner Flame              Hex/Fire       0%         N/A       94%         3
 Ozocubu's Armour         Ice            0%         N/A       94%         3
 Flame Wave               Conj/Fire      0%         2d4       100%        4
 Olgreb's Toxic Radiance  Pois           0%         N/A       100%        4
 Sticky Flame             Conj/Fire      0%         2d3       100%        4
 Metabolic Englaciation   Hex/Ice        0%         N/A       100%        5
 Simulacrum               Ice/Necr       4%         N/A       100%        6
 Haunt                    Necr/Summ      4%         N/A       100%        7
 Discord                  Hex            0%         N/A       100%        8
 Ignition                 Fire           0%         3d3       100%        8
 Infestation              Necr           8%         N/A       100%        8


Dungeon Overview and Level Annotations

Branches:
Dungeon (9/15)             Temple (0/1) D:4            Lair (1/5) D:8
    Orc: D:9-12

Altars:
Cheibriados
Dithmenos
Elyvilon
Gozag
Hepliaklqana
Trog
Wu Jian
Zin

Shops:
D:2 (*=((   D:3 [   D:4 :!   D:5 :


Innate Abilities, Weirdness & Mutations

Your life essence is reduced to manifest your ancestor. (-10% HP)
You are amphibious.
You cover ground slowly.
You can hop short distances.
You have an extended range of vision and can be seen from far away.


Message History

You block the black mamba's attack. x2; The yak closely misses you. x2
Unknown command.
You closely miss the black mamba.
The black mamba is lightly wounded.
You feel very sick.
The black mamba bites you but does no damage.
You block the yak's attack. You block the black mamba's attack.
Unknown command.
You slice the black mamba!!
The black mamba writhes in agony.
Your long sword of Defiance goes snicker-snack!
The black mamba is severely wounded.
You feel very sick. You block the black mamba's attack.
The yak gores you but does no damage. The yak gores you.
The black mamba bites you.
Unknown command.
You slice the black mamba!!
You kill the black mamba!
You feel sick. The yak closely misses you. You block the yak's attack.
Unknown command.
You slash the yak!
The yak writhes in agony.
The yak is almost dead.
You feel very sick. The yak barely misses you.
Unknown command.
You slash the yak!
You kill the yak!
You feel sick. You block the yak's attack.
Unknown command.
You completely miss the yak.
You feel sick. The yak gores you but does no damage. The yak gores you.
* * * LOW HITPOINT WARNING * * *
Unknown command.
You closely miss the yak.
You feel sick.
The yak gores you but does no damage. x2
Unknown command.
You slash the yak!
The yak is lightly wounded.
You feel sick. The yak gores you!
* * * LOW HITPOINT WARNING * * *
The yak gores you!
You die...

.........................
.........................
.........................
.........................
...........".............
.........................
.........................
.......Y†................
.......Y@................
##PP#####.###############
###


You could see 2 yaks.

Vanquished Creatures
  A black mamba (Lair:1)
  A cane toad (Lair:1)
  A rime drake (Lair:1)
  2 komodo dragons
  4 blink frogs (Lair:1)
  A shadow (D:9)
  4 yaks
  4 hogs (D:7)
  3 wyverns
  A steam dragon (D:7)
  A human (D:7)
  Duvessa (D:6)
  Edmund (D:6)
  An acid dragon (D:9)
  An orc warrior (D:9)
  A water moccasin (D:7)
  2 ice beasts (D:8)
  2 black bears
  A centaur (D:9)
  A kobold brigand (D:8)
  2 bullfrogs
  A gnoll sergeant (D:6)
  3 scorpions
  3 hounds
  A jelly (D:5)
  A gnoll bouda (D:5)
  An iguana (D:4)
  2 orc wizards (D:9)
  Robin (D:2)
  A gnoll (D:5)
  8 adders
  A shadow imp (D:8)
  A worm (D:2)
  9 orcs
  6 endoplasms
  4 giant cockroaches
  14 goblins
  10 hobgoblins
  8 jackals (D:2)
  2 quokkas (D:1)
  7 ball pythons
  7 bats
  3 frilled lizards
  18 kobolds
  5 rats
153 creatures vanquished.

Vanquished Creatures (collateral kills)
  Pikel (D:7)
  An unseen horror (D:6)
  Prince Ribbit (D:9)
  A wyvern (D:7)
  4 yaks
  Menkaure (D:5)
  2 centaurs
  A kobold brigand (D:8)
  Blork the orc (D:6)
  2 bullfrogs
  Dowan (D:6)
  2 hounds
  A sleepcap (D:7)
  2 orc wizards (D:6)
  4 gnolls (D:5)
  3 orcs (D:6)
  A goblin (D:2)
  2 kobolds (D:8)
31 creatures vanquished.

Vanquished Creatures (others)
  A hexer (Lair:1)
  An ancestor (D:4)
2 creatures vanquished.

Grand Total: 186 creatures vanquished

Notes
Turn   | Place    | Note
-------+----------+-------------------------------------------
     0 | D:1      | Newt the Barachi Fighter began the quest for the Orb.
     0 | D:1      | Reached XP level 1. HP: 18/18 MP: 1/1
   144 | D:1      | Reached XP level 2. HP: 25/25 MP: 2/2
   633 | D:2      | Reached skill level 5 in Fighting
   633 | D:2      | Reached XP level 3. HP: 31/33 MP: 3/3
   653 | D:2      | Found Lunao's Antique Weapon Shop.
   824 | D:2      | Found a faded altar of an unknown god.
   861 | D:2      | Found Qaenn's Assorted Antiques.
   927 | D:2      | Reached XP level 4. HP: 37/39 MP: 2/4
   950 | D:2      | Bought a scroll of identify for 36 gold pieces
   950 | D:2      | Bought a scroll of identify for 36 gold pieces
   975 | D:2      | Found Plog's Jewellery Shop.
   979 | D:2      | Found Hiagro Cedgh's Antique Weapon Emporium.
  1032 | D:2      | Found Juozeozi's Weapon Shop.
  1036 | D:2      | Noticed Robin
  1049 | D:2      | HP: 1/39 [goblin/+0 club[Robin] (2)]
  1554 | D:3      | Found a hazy altar of Hepliaklqana.
  1568 | D:3      | Became a worshipper of Hepliaklqana the Forgotten
  1875 | D:3      | Found Ducwus's Antique Armour Shoppe.
  2222 | D:4      | Found a white marble altar of Elyvilon.
  2227 | D:4      | Noticed a scorpion
  2236 | D:4      | Reached skill level 5 in Long Blades
  2236 | D:4      | Reached skill level 1 in Short Blades
  2236 | D:4      | Reached XP level 5. HP: 33/44 MP: 5/5
  2386 | D:4      | Reached XP level 6. HP: 47/51 MP: 4/6
  2640 | D:4      | Reached * piety under Hepliaklqana
  2736 | D:4      | Found an opulent altar of Gozag.
  2796 | D:4      | Found a staircase to the Ecumenical Temple.
  2796 | D:4      | Noticed a black bear
  2815 | D:4      | Killed a black bear
  2980 | D:4      | Found Zommown's Book Shop.
  3111 | D:4      | Found Deakhligg's Distillery.
  3305 | D:5      | Entered Level 5 of the Dungeon
  3316 | D:5      | Noticed Menkaure
  3320 | D:5      | Reached skill level 5 in Armour
  3325 | D:5      | Killed Menkaure
  3326 | D:5      | Reached skill level 5 in Short Blades
  3326 | D:5      | Reached XP level 7. HP: 17/50 MP: 1/7
  3689 | D:5      | Found Gif Kei's Book Boutique.
  3920 | D:5      | Reached ** piety under Hepliaklqana
  3921 | D:5      | Remembered your ancestor Dube as a hexer
  4021 | D:5      | Reached skill level 1 in Dodging
  4505 | D:6      | Found a shadowy altar of Dithmenos.
  4509 | D:6      | Noticed Duvessa
  4509 | D:6      | Noticed Dowan
  4516 | D:6      | Killed Duvessa
  4517 | D:6      | Killed Dowan
  4518 | D:6      | Reached XP level 8. HP: 51/55 MP: 6/8
  4851 | D:6      | Noticed Edmund
  4863 | D:6      | Killed Edmund
  4948 | D:6      | Found a bloodstained altar of Trog.
  4958 | D:6      | Reached skill level 5 in Dodging
  5020 | D:6      | Killed an unseen horror
  5240 | D:6      | Noticed Blork the orc
  5262 | D:6      | Killed Blork the orc
  5490 | D:2      | Killed Robin
  5517 | D:2      | Bought a crude long sword for 204 gold pieces
  5517 | D:2      | Identified the +6 long sword of Defiance {pain, *Noise
                  | Fragile Int+9 Dex+10} (You bought it in a shop on level 2
                  | of the Dungeon)
  5923 | D:7      | Noticed Pikel
  5930 | D:7      | Killed Pikel
  5931 | D:7      | Reached XP level 9. HP: 61/61 MP: 9/9
  6151 | D:7      | Found a glowing silver altar of Zin.
  6468 | D:7      | Reached skill level 5 in Necromancy
  6712 | D:7      | Reached XP level 10. HP: 66/66 MP: 10/10
  6876 | D:8      | Reached *** piety under Hepliaklqana
  7396 | D:8      | Found a staircase to the Lair.
  7875 | D:9      | Noticed Prince Ribbit
  7887 | D:9      | Killed Prince Ribbit
  7897 | D:9      | Reached skill level 1 in Evocations
  8370 | D:9      | Reached **** piety under Hepliaklqana
  8399 | D:9      | Found an ornate altar of the Wu Jian Council.
  8406 | D:9      | Found a snail-covered altar of Cheibriados.
  8749 | Lair:1   | Entered Level 1 of the Lair of Beasts
  8797 | Lair:1   | Reached skill level 5 in Evocations
  8806 | Lair:1   | Reached XP level 11. HP: 58/80 MP: 7/11
  9228 | Lair:1   | Slain by a yak

Illustrated notes

Levels and vault maps discovered:
D:1:      enne_arrival_octagon_isle, layout_basic
D:2:      layout_basic, ebering_ecumenical_altar_abandoned, serial_shops, shop,
          shop, shop, shop, nicolae_shop_bloodbath_and_beyond, uniq_robin
D:3:      layout_loops_ring, old_standard_altar, serial_shops,
          nicolae_shop_tiny_real_fake_doors
D:4:      layout_loops_ring, nicolae_gozag_cash_rules_everything_around_me,
          overflow_temple_1_default, minmay_temple_entry_statues_fountains,
          serial_shops, nicolae_shop_real_fake_doors, shop
D:5:      layout_basic, serial_shops, nicolae_shop_waterfront, uniq_menkaure
D:6:      kennysheep_big_flooded_room, layout_basic,
          mainiacjoe_overflow_six_doors_small, grunt_dithmenos_smoke,
          uniq_duvessa, uniq_blork_the_orc, uniq_edmund
D:7:      layout_loops_ring, mainiacjoe_overflow_small_starburst,
          grunt_livestock, uniq_pikel
D:8:      layout_gridville, david_lair_shrubbed
D:9:      layout_loops_corners, amethyst_overflow_temple_binary,
          uniq_prince_ribbit1
Lair:1:   layout_small_grid, hibernation_bobbens

Skill      XL: |  1  2  3  4  5  6  7  8  9 10 11 |
---------------+----------------------------------+-----
Fighting       | 4 5 9 |  9.0
Long Blades    | 3 5 6 9 |  9.5
Short Blades   | 1 3 5 6 8 |  8.4
Armour         | 5 8 9 |  9.0
Dodging        | 3 5 |  5.0
Necromancy     | 2 5 |  5.0
Evocations     | 6 |  6.0
Shields        | |  3.2

Action                     |  1- 3 |  4- 6 |  7- 9 | 10-12 || total
---------------------------+-------+-------+-------+-------++-------
  Melee: Long sword        |   110 |   187 |   146 |   129 ||   572
  Throw: Dart              |       |     2 |    11 |       ||    13
 Invoke: Ancestor Life: He |       |       |     1 |       ||     1
         Recall Ancestor   |       |       |       |     1 ||     1
    Use: Scroll            |     5 |    10 |     2 |     8 ||    25
         Potion            |       |     1 |       |       ||     1
   Stab: Confused          |       |       |     4 |     2 ||     6
         Distracted        |       |       |     1 |     1 ||     2
 Armour: Scale mail        |    56 |   104 |    39 |       ||   199
         Ring mail         |       |       |    17 |    38 ||    55
  Dodge: Dodged            |    59 |    80 |    78 |    52 ||   269
  Block: Buckler           |    24 |    60 |    27 |       ||   111
         Kite shield       |       |       |    22 |    63 ||    85

Table legend: (Time is in decaauts)
 A = Elapsed time spent in this place.
 B = Non-inter-level travel time spent in this place.
 C = Inter-level travel time spent in this place.
 D = Time resting spent in this place.
 E = Time spent auto-exploring this place.
 F = Levels seen in this place.
 G = Mean time per level.
                   A        B        C        D        E       F      G
               +--------+--------+--------+--------+--------+-----+--------+
         Total |  10532 |   9910 |    622 |   1390 |   7025 |  10 | 1053.2 |
       Dungeon |   9982 |   9361 |    621 |   1366 |   6603 |   9 | 1109.1 |
          Lair |    550 |    550 |      0 |     24 |    422 |   1 |  550.0 |
               +--------+--------+--------+--------+--------+-----+--------+

Top non-repeatable levels by time:
     D:5: 1408 daAuts
     D:6: 1324 daAuts
     D:4: 1256 daAuts
     D:2: 1165 daAuts
     D:8: 1129 daAuts
     D:9: 1116 daAuts
     D:7: 1029 daAuts
     D:3: 853 daAuts
     D:1: 698 daAuts
  Lair:1: 550 daAuts
